 Dungeon Crawl Stone Soup version 0.27-a0-498-g7ecbb0a48f (webtiles) character file.

Game seed: 13143871290293205134

10083 siradein the Slicer (level 11, 0/72 HPs)
             Began as a Demonspawn Brigand on Mar 2, 2021.
             Was an Elder of Makhleb.
             Succumbed to a hornet's poison
             ... on level 11 of the Dungeon.
             The game lasted 00:38:50 (12266 turns).

siradein the Slicer (Demonspawn Brigand)           Turns: 12266, Time: 00:38:51

Health: 0/72       AC: 30    Str: 17    XL:     11   Next: 31%
Magic:  11/11      EV: 23    Int: 15    God:    Makhleb [****..]
Gold:   161        SH: 14    Dex: 18    Spells: 10/10 levels left

rFire    . . .     SeeInvis .   P - +3 double sword
rCold    . . .     Faith    .   K - +0 kite shield
rNeg     . . .     Spirit   .   E - +8 chain mail of the Silversmith {Harm}
rPois    .         Reflect  .   (no helmet)
rElec    .         Harm     +   c - +2 cloak
rCorr    .         Rampage  .   H - +2 pair of gloves {Stlth+}
Will     .....                  (no boots)
Stlth    ..........             u - amulet of the acrobat
HPRegen  0.22/turn              B - +4 ring of protection
MPRegen  0.12/turn              t - +6 ring of strength

@: lethally poisoned (0 -> -1), marked, acrobatic, very slightly contaminated,
invisible
A: hooves 2, spiny 2, big brain 1, condensation shield
a: Renounce Religion, Minor Destruction, Lesser Servant of Makhleb, Major
Destruction


You were on level 11 of the Dungeon.
You worshipped Makhleb.
Makhleb was greatly pleased with you.
You visited 2 branches of the dungeon, and saw 12 of its levels.

You collected 593 gold pieces.
You spent 432 gold pieces at shops.

Inventory:

Hand Weapons
 a - a +4 short sword of freezing
 f - a +5 scimitar
 i - a +1 dagger of speed
 P - a +3 double sword (weapon)
Missiles
 d - 37 poisoned darts (quivered)
 e - 2 curare-tipped darts
 h - 76 bolts
 n - 2 throwing nets
 o - 200 stones
 w - 43 sling bullets
Armour
 c - a +2 cloak (worn)
 E - the +8 chain mail of the Silversmith (worn) {Harm}
   (You bought it in a shop on level 4 of the Dungeon)

   It increases damage dealt and taken.
 H - a +2 pair of gloves of stealth (worn)
 K - a +0 kite shield (worn)
Jewellery
 l - an amulet of magic regeneration
 r - a +6 ring of intelligence
 t - a +6 ring of strength (right hand)
 u - an amulet of the acrobat (around neck)
 A - a ring of flight
 B - a +4 ring of protection (left hand)
 N - an amulet of guardian spirit
Wands
 x - a wand of charming (5)
 C - a wand of flame (26)
 F - a wand of digging (4)
 O - a wand of random effects (13)
Scrolls
 b - a scroll of fear
 m - 3 scrolls of magic mapping
 p - 3 scrolls of teleportation
 q - 4 scrolls of amnesia
 y - 2 scrolls of blinking
 z - a scroll of vulnerability
 I - a scroll of identify
 L - a scroll of acquirement {unknown}
 M - a scroll of enchant weapon {unknown}
Potions
 k - 2 potions of lignification
 s - 3 potions of curing
 v - 2 potions of attraction
 D - 3 potions of mutation
 G - a potion of berserk rage
 J - a potion of might {unknown}


   Skills:
 - Level 2.0 Fighting
 - Level 10.5(10.6) Short Blades
 + Level 2.5(7.2) Long Blades
 - Level 1.7 Throwing
 + Level 10.2 Armour
 + Level 4.9 Dodging
 - Level 3.6 Stealth
 + Level 4.7 Shields


You had 10 spell levels left.
You didn't know any spells.
Your spell library was empty.

Dungeon Overview and Level Annotations

Branches:
Dungeon (11/15)            Temple (1/1) D:5            Lair (0/6) D:11
    Orc (0/2) D:9

Altars:
Ashenzari
Cheibriados
Dithmenos
Elyvilon
Fedhas
Gozag
Hepliaklqana
Kikubaaqudgha
Makhleb
Nemelex Xobeh
Okawaru
Qazlal
Ru
Sif Muna
Trog
Uskayaw
Vehumet
Wu Jian
Xom
Yredelemnul
Zin
The Shining One

Shops:
D:4 [   D:5 =   D:6 !   D:8 *

Annotations:
D:11 Harold


Innate Abilities, Weirdness & Mutations

You have hoof-like feet.
You are mostly covered in sharp spines.
You have an unusually large brain. (Int +2)
A meltable shield of frost defends you. (SH +4)


Message History

Harold hits you from afar with a +0 halberd.
You block the hornet's attack.
You feel sick.
The shadow strikes at you from the darkness!
Reactivating autopickup.
You feel sick.
The shadow slips into darkness.
The shadow flickers and vanishes!
Deactivating autopickup; reactivate with Ctrl-A.
The hornet closely misses you.
You barely miss the hornet. Your kick misses the hornet.
The hornet is heavily wounded.
You feel sick. The hornet stings you!
* * * LOW HITPOINT WARNING * * *
You feel yourself slow down.
The hornet stings you but does no damage.
Unknown command.
You feel much better.
You feel sick. You block the hornet's attack.
The shadow strikes at you from the darkness!
* * * LOW HITPOINT WARNING * * *
Reactivating autopickup.
You block the hornet's attack. Harold shouts, "Can you die now?
I had plans for the rest of the day!"
You block Harold's attack.
You fade into invisibility!
You feel yourself speed up. You block the hornet's attack.
The shadow slips into darkness.
The shadow flickers and vanishes!
Deactivating autopickup; reactivate with Ctrl-A.
The hornet is struck by your spines. The hornet barely misses you.
The manticore flicks its tail.
The volley of spikes hits the hornet!
Harold fires a harpoon shot at you.
The harpoon shot hits the hornet!
The hornet dies!
The shadow strikes at you from the darkness!
* * * LOW HITPOINT WARNING * * *
Reactivating autopickup.
You are very lightly contaminated with residual magic.
You die...

.# #....PP.....>...P...P.P.# .#
#...PPP.P........PPP....# .#
#..P.P...P.......PPP....#
.###.......P.......P.P.....#
.......P..PPP......PP...#))#
...........P.......P..P.#.)######
.......#..P......P.....##.)...Y<.
#####..###...ZW......####..†...Y.
# #..# ###.H..@....# #..###### #
#..# #...@####...# #..# # #..#
#....# #...# #..# # #### #..###
#†..# #..# #)'# #...# #..#
........†.# #...####..######
..........####..............#
.###.###.###.....#.#.#.#.#.#. #.#
#. ###..........Y.Z.Y


You could see Harold, a manticore, a shadow and a centaur warrior skeleton.

Vanquished Creatures
  A hydra (D:9)
  Urug (D:10)
  Pikel (D:4)
  2 komodo dragons
  2 dream sheep (D:9)
  A wraith (D:10)
  A wyvern (D:10)
  12 yaks
  4 water moccasins
  2 ice beasts
  4 orc warriors
  6 sky beasts
  2 black bears (D:11)
  2 centaurs
  7 ogres
  A phantom (D:8)
  5 kobold brigands
  4 bullfrogs
  A gnoll sergeant (D:10)
  2 scorpions (D:11)
  13 wights
  A howler monkey (D:7)
  A bullfrog zombie (D:6)
  4 centaur zombies
  A quasit (D:10)
  6 hounds
  5 orc priests
  2 jellies
  Crazy Yiuf (D:3)
  2 bullfrog skeletons (D:10)
  Natasha (thrice) (D:4)
  3 iguanas
  8 orc wizards
  4 worker ants
  Robin (D:4)
  9 adders
  16 gnolls
  A howler monkey skeleton (D:3)
  A shadow imp (D:6)
  3 white imps
  An ufetubus (D:6)
  An ooze (D:3)
  2 dart slugs (D:1)
  4 leopard geckos
  31 orcs
  A ball python (D:7)
  6 bats
  4 giant cockroaches
  21 goblins
  8 hobgoblins
  16 jackals
  17 kobolds
  8 quokkas
  5 frilled lizards
  A quokka skeleton (D:8)
  5 rats
277 creatures vanquished.

Vanquished Creatures (others)
  A hornet (D:11)
  39 fungi
  33 plants (D:11)
73 creatures vanquished.

Grand Total: 350 creatures vanquished

Notes
Turn   | Place    | Note
-------+----------+-------------------------------------------
     0 | D:1      | siradein the Demonspawn Brigand began the quest for the
                  | Orb.
     0 | D:1      | Reached XP level 1. HP: 16/16 MP: 1/1
   174 | D:1      | Gained mutation: You have an unusually large brain. (Int
                  | +2) [demonic ancestry]
   174 | D:1      | Reached XP level 2. HP: 22/22 MP: 2/2
   523 | D:1      | Gained mutation: You are partially covered in sharp spines.
                  | [demonic ancestry]
   523 | D:1      | Reached XP level 3. HP: 27/27 MP: 3/3
  1576 | D:2      | Gained mutation: You have large cloven feet. [demonic
                  | ancestry]
  1576 | D:2      | Reached XP level 4. HP: 32/33 MP: 4/4
  1588 | D:2      | Reached skill level 1 in Armour
  2253 | D:3      | Found an opulent altar of Gozag.
  2253 | D:3      | Found a sparkling altar of Nemelex Xobeh.
  2263 | D:3      | Reached XP level 5. HP: 38/38 MP: 5/5
  2416 | D:3      | Noticed an ogre
  2424 | D:3      | Killed an ogre
  2571 | D:3      | Found a glowing silver altar of Zin.
  2723 | D:3      | HP: 1/38 [orc priest (3)]
  2726 | D:3      | Gained mutation: You are mostly covered in sharp spines.
                  | [demonic ancestry]
  2726 | D:3      | Reached XP level 6. HP: 1/44 MP: 6/6
  3555 | D:3      | Found a runed translucent door.
  3556 | D:3      | Noticed Crazy Yiuf
  3650 | D:3      | Killed Crazy Yiuf
  3651 | D:3      | Reached skill level 5 in Short Blades
  4032 | D:4      | Noticed Robin
  4058 | D:4      | Killed Robin
  4161 | D:4      | You fall into a shaft and drop 1 floor!
  4161 | D:5      | Entered Level 5 of the Dungeon
  4320 | D:4      | Found Lazu Back's Antique Armour Boutique.
  4469 | D:4      | Noticed Natasha
  4474 | D:4      | Killed Natasha
  4542 | D:4      | Noticed Natasha
  4547 | D:4      | Killed Natasha
  4745 | D:4      | Noticed Pikel
  4777 | D:4      | Killed Pikel
  4778 | D:4      | Reached skill level 5 in Armour
  4778 | D:4      | Gained mutation: A meltable shield of frost defends you.
                  | (SH +4) [demonic ancestry]
  4778 | D:4      | Reached XP level 7. HP: 36/50 MP: 7/7
  4896 | D:4      | Noticed Natasha
  4907 | D:4      | Killed Natasha
  5122 | D:5      | Gained mutation: You have hoof-like feet. [demonic
                  | ancestry]
  5122 | D:5      | Reached XP level 8. HP: 56/56 MP: 8/8
  5150 | D:5      | Found Haushe's Jewellery Boutique.
  5317 | D:4      | Bought a spiked chain mail for 275 gold pieces
  5317 | D:4      | Identified the +8 chain mail of the Silversmith {Harm} (You
                  | bought it in a shop on level 4 of the Dungeon)
  5351 | D:5      | Found a staircase to the Ecumenical Temple.
  5375 | Temple   | Entered the Ecumenical Temple
  5441 | Temple   | Became a worshipper of Makhleb the Destroyer
  6451 | D:6      | Found Raygelai's Distillery.
  6579 | D:6      | Found a sacrificial altar of Ru.
  6809 | D:6      | Reached * piety under Makhleb
  7015 | D:7      | Reached XP level 9. HP: 48/61 MP: 9/9
  7899 | D:7      | Found a broken altar of Ashenzari.
  8427 | D:8      | Reached ** piety under Makhleb
  8570 | D:8      | Found a hazy altar of Hepliaklqana.
  8608 | D:8      | Found a glowing golden altar of the Shining One.
  8699 | D:8      | Found Pyuvix's Assorted Antiques.
  8729 | D:8      | Bought a pair of embroidered gloves for 157 gold pieces
  9869 | D:9      | Reached skill level 1 in Dodging
  9869 | D:9      | Reached XP level 10. HP: 67/67 MP: 10/10
  9888 | D:9      | Found a hide-covered altar of Uskayaw.
  9890 | D:9      | Found a basalt altar of Yredelemnul.
  9890 | D:9      | Found an ornate altar of the Wu Jian Council.
  9890 | D:9      | Found an iron altar of Okawaru.
  9893 | D:9      | Found a radiant altar of Vehumet.
  9918 | D:9      | Found a staircase to the Orcish Mines.
 10097 | D:9      | Reached skill level 1 in Shields
 10138 | D:9      | Reached skill level 10 in Short Blades
 10160 | D:9      | Noticed a three-headed hydra
 10170 | D:9      | Killed a three-headed hydra
 10339 | D:10     | Entered Level 10 of the Dungeon
 10949 | D:10     | Reached *** piety under Makhleb
 11026 | D:10     | Noticed Urug
 11047 | D:10     | Killed Urug
 11759 | D:10     | Reached skill level 1 in Long Blades
 11759 | D:10     | Reached XP level 11. HP: 72/72 MP: 11/11
 11878 | D:11     | Reached skill level 10 in Armour
 11901 | D:11     | Found a staircase to the Lair.
 11974 | D:11     | HP: 1/72 [komodo dragon (14)]
 12019 | D:11     | Reached **** piety under Makhleb
 12244 | D:11     | Noticed Harold
 12255 | D:11     | Paralysed by a hornet for 1 turns
 12265 | D:11     | HP: 1/72 [something (18)]
 12266 | D:11     | Succumbed to a hornet's poison

Illustrated notes

Levels and vault maps discovered:
D:1:      ncdulo_watergridlock, layout_basic
D:2:      minmay_evil_eye, layout_rooms
D:3:      layout_basic, grunt_temple_overflow_opulence, old_standard_altar,
          uniq_crazy_yiuf_cottage
D:4:      layout_basic, serial_shops, nicolae_shop_overgrown_old_shop,
          minmay_goblin_kobold_house, uniq_pikel, uniq_robin, uniq_natasha
D:5:      layout_basic, minmay_temple_entry_grid, serial_shops, shop
D:6:      layout_rooms, serial_shops, kennysheep_little_box,
          nicolae_ru_awakened_eye
D:7:      layout_cave_pods, marbit_many_paths
D:8:      layout_layer_cave, kennysheep_mini, tso_altar, serial_glass,
          glass_columns_a, glass_columns_b, item_on_display_a, serial_shops,
          shop, chequers_serial_rivers_micro_d
D:9:      layout_cross, grunt_temple_overflow_open, orc_0_dummy, hangedman_ranch
          [blue_anna_fruit_fields]
D:10:     layout_stronghold, uniq_urug
D:11:     layout_long_grid, due_lair_maze_entry_diamond, serial_shops, shop,
          shop, hex_large, hangedman_corner_corridor, uniq_harold
Temple:   eino_wide_crystal_templ

Skill      XL: |  1  2  3  4  5  6  7  8  9 10 11 |
---------------+----------------------------------+-----
Short Blades   | 2 3 4 6 8 9 10 | 10.5
Armour         | 1 3 5 7 9 10 | 10.2
Dodging        | 1 4 |  4.9
Shields        | 4 |  4.7
Long Blades    | 1 2 |  2.5
Fighting       | |  2.0
Throwing       | |  1.7
Stealth        | |  3.6

Action                   |  1- 3 |  4- 6 |  7- 9 | 10-12 || total
-------------------------+-------+-------+-------+-------++-------
Melee: Dagger            |   150 |   182 |   261 |       ||   593
       Kick              |       |    54 |   120 |    97 ||   271
       Short sword       |       |       |    52 |   139 ||   191
       Double sword      |       |       |       |   115 ||   115
Throw: Dart              |       |     2 |       |       ||     2
  Use: Scroll            |       |     7 |     7 |     4 ||    18
       Potion            |       |       |       |     5 ||     5
 Stab: Sleeping          |     4 |       |       |       ||     4
Armor: Robe              |     1 |       |       |       ||     1
       Plate armour      |    58 |    67 |     4 |       ||   129
       Chain mail        |       |       |    76 |   125 ||   201
Dodge: Dodged            |    12 |    18 |    84 |    89 ||   203
Block: Other             |       |       |    37 |       ||    37
       Kite shield       |       |       |     1 |   178 ||   179
       Rpst.: Double sword |       |       |       |    13 ||    13

Table legend: (Time is in decaauts)
 A = Elapsed time spent in this place.
 B = Non-inter-level travel time spent in this place.
 C = Inter-level travel time spent in this place.
 D = Time resting spent in this place.
 E = Time spent auto-exploring this place.
 F = Levels seen in this place.
 G = Mean time per level.
                   A        B        C        D        E       F      G
               +--------+--------+--------+--------+--------+-----+--------+
         Total |  11970 |  11515 |    455 |    723 |   8459 |  12 |  997.5 |
       Dungeon |  11893 |  11438 |    455 |    723 |   8414 |  11 | 1081.2 |
        Temple |     76 |     76 |      0 |      0 |     45 |   1 |   76.0 |
               +--------+--------+--------+--------+--------+-----+--------+

Top non-repeatable levels by time:
     D:3: 1750 daAuts
     D:8: 1684 daAuts
    D:10: 1491 daAuts
     D:1: 1139 daAuts
     D:4: 1136 daAuts
     D:6: 1097 daAuts
     D:7: 1095 daAuts
     D:2: 861 daAuts
     D:5: 701 daAuts
     D:9: 471 daAuts
    D:11: 465 daAuts
  Temple: 76 daAuts
